 Dungeon Crawl Stone Soup version 0.26-a0-612-gd4d190f45e (webtiles) character file.

Game seed: 15975778589778589627

238 Gargoyl the Skirmisher (level 6, -6/53 HPs)
             Began as a Gnoll Abyssal Knight on Sept 10, 2020.
             Was a Follower of Lugonu.
             Mangled by an orc warrior
             ... wielding a +0 dire flail
              (21 damage)
             ... on level 3 of the Dungeon.
             The game lasted 00:04:42 (2930 turns).

Gargoyl the Skirmisher (Gnoll Abyssal Knight)       Turns: 2930, Time: 00:04:43

Health: -6/53      AC: 10    Str: 17    XL:     6   Next: 7%
Magic:  9/9        EV:  8    Int: 14    God:    Lugonu [*.....]
Gold:   96         SH:  0    Dex: 14    Spells: 8/8 levels left

rFire    . . .     SeeInvis .   a - +2 hand axe
rCold    . . .     Faith    .   (no shield)
rNeg     . . .     Spirit   .   e - +1 chain mail
rPois    .         Reflect  .   (no helmet)
rElec    .         Harm     .   (no cloak)
rCorr    .                      (no gloves)
MR       .....                  (no boots)
Stlth    ..........             (no amulet)
HPRegen  0.17/turn              (no ring)
MPRegen  0.11/turn              (no ring)

@: confused
A: distributed training, fangs 1, strong nose
a: Depart the Abyss, Renounce Religion


You were on level 3 of the Dungeon.
You worshipped Lugonu.
Lugonu was aware of your devotion.
You visited 1 branch of the dungeon, and saw 4 of its levels.
You visited the Abyss 1 time.

You collected 96 gold pieces.

Inventory:

Hand Weapons
 a - a +2 hand axe (weapon)
Armour
 e - a +1 chain mail (worn)
Wands
 b - a wand of paralysis (6)
Scrolls
 c - 3 scrolls of remove curse
 d - a scroll of identify
 f - a scroll of fog
 g - 3 scrolls of teleportation
 j - a scroll of fear
 p - 2 scrolls of magic mapping
 q - a scroll of enchant armour
Potions
 i - a potion of stabbing
 l - 2 potions of degeneration {unknown}
 m - 2 potions of flight {unknown}
 n - a potion of magic {unknown}
 o - a potion of resistance {unknown}


   Skills:
 + Level 6.8 Fighting
 + Level 1.8 Short Blades
 + Level 1.8 Long Blades
 + Level 4.9 Axes
 + Level 1.8 Maces & Flails
 + Level 1.8 Polearms
 + Level 1.8 Staves
 + Level 1.8 Slings
 + Level 1.8 Bows
 + Level 1.8 Crossbows
 + Level 1.8 Throwing
 + Level 4.9 Armour
 + Level 3.1 Dodging
 + Level 1.8 Stealth
 + Level 1.8 Shields
 + Level 1.8 Unarmed Combat
 + Level 1.8 Spellcasting
 + Level 1.4 Conjurations
 + Level 1.4 Hexes
 + Level 1.4 Summonings
 + Level 1.4 Necromancy
 + Level 1.4 Translocations
 + Level 1.4 Transmutations
 + Level 1.4 Fire Magic
 + Level 1.4 Ice Magic
 + Level 1.4 Air Magic
 + Level 1.4 Earth Magic
 + Level 1.4 Poison Magic
 + Level 5.0 Invocations
 + Level 1.8 Evocations


You had 8 spell levels left.
You didn't know any spells.
Your spell library was empty.

Dungeon Overview and Level Annotations

Branches:
Dungeon (4/15)
 Temple: D:4-7

Altars:
Makhleb


Innate Abilities, Weirdness & Mutations

Your experience applies equally to all skills.
You have very sharp teeth.
Your uncanny sense of smell can sniff out nearby items.


Message History

* * * LOW HITPOINT WARNING * * *
The orc priest calls upon Beogh to heal the orc warrior.
The orc warrior is healed somewhat.
The orc priest calls down the wrath of Beogh upon you.
Beogh smites you!
* * * LOW HITPOINT WARNING * * *
There is an escape hatch in the ceiling here.
You feel better. The orc warrior completely misses you.
The orc priest looks satisfied for a moment.
Okay, then.
Unknown command.
You are confused.
You feel invigorated.
The orc warrior hits you with a +0 dire flail!
* * * LOW HITPOINT WARNING * * *
A mysterious force pulls you upwards. The hatch slams shut behind you.
Unknown command.
You bump into the rock wall.
The orc warrior hits you with a +0 dire flail!!
You die...

#######.#.## ##.##
#2#_....#.# ##.#.##
#########.# #.###.#
.#*,##....# ##.#..#
.#*##....## ##.#.#
.###.#.#.## ###.#
#.........# #<#
.###.#.#..##########.#
.# #............@o...#
## ###.###############
######.# .......#
.#####.########## .#
#..........# ##
#.########.# #.# #.#
#.# #.#


You could see an orc warrior.

Vanquished Creatures
  A phantom (D:3)
  A centaur zombie (D:4)
  An orc priest (D:3)
  3 adders
  2 oozes (D:2)
  A worm (D:3)
  2 leopard geckos
  6 orcs
  A giant cockroach (D:3)
  5 goblins
  A hobgoblin (D:3)
  2 quokkas
  3 bats
  5 frilled lizards
  6 kobolds
  A quokka skeleton (D:2)
  7 rats
48 creatures vanquished.

Notes
Turn   | Place    | Note
-------+----------+-------------------------------------------
     0 | Abyss:1  | Gargoyl the Gnoll Abyssal Knight began the quest for the
                  | Orb.
     0 | Abyss:1  | Reached XP level 1. HP: 23/23 MP: 3/3
    40 | Abyss:1  | Noticed a raiju
    40 | Abyss:1  | Noticed a raiju
    58 | Abyss:1  | Noticed an apocalypse crab
    93 | Abyss:1  | Noticed a six-headed hydra zombie
   122 | Abyss:1  | Noticed a thrashing horror
   122 | Abyss:1  | Noticed a tentacled starspawn
   126 | D:1      | Escaped the Abyss
   279 | D:1      | Reached * piety under Lugonu
   437 | D:1      | Reached XP level 2. HP: 27/29 MP: 5/5
  1255 | D:2      | Reached XP level 3. HP: 35/35 MP: 6/6
  1659 | D:2      | Reached skill level 1 in Short Blades
  1659 | D:2      | Reached skill level 1 in Long Blades
  1659 | D:2      | Reached skill level 1 in Maces & Flails
  1659 | D:2      | Reached skill level 1 in Polearms
  1659 | D:2      | Reached skill level 1 in Staves
  1659 | D:2      | Reached skill level 1 in Slings
  1659 | D:2      | Reached skill level 1 in Bows
  1659 | D:2      | Reached skill level 1 in Crossbows
  1659 | D:2      | Reached skill level 1 in Throwing
  1659 | D:2      | Reached skill level 1 in Stealth
  1659 | D:2      | Reached skill level 1 in Shields
  1659 | D:2      | Reached skill level 1 in Unarmed Combat
  1659 | D:2      | Reached skill level 1 in Spellcasting
  1659 | D:2      | Reached skill level 1 in Evocations
  1954 | D:3      | Noticed a phantom
  1960 | D:3      | Reached XP level 4. HP: 38/41 MP: 7/7
  1978 | D:3      | Reached skill level 1 in Conjurations
  1978 | D:3      | Reached skill level 1 in Hexes
  1978 | D:3      | Reached skill level 1 in Summonings
  1978 | D:3      | Reached skill level 1 in Necromancy
  1978 | D:3      | Reached skill level 1 in Translocations
  1978 | D:3      | Reached skill level 1 in Transmutations
  1978 | D:3      | Reached skill level 1 in Fire Magic
  1978 | D:3      | Reached skill level 1 in Ice Magic
  1978 | D:3      | Reached skill level 1 in Air Magic
  1978 | D:3      | Reached skill level 1 in Earth Magic
  1978 | D:3      | Reached skill level 1 in Poison Magic
  2002 | D:3      | Killed a phantom
  2002 | D:3      | Reached XP level 5. HP: 9/47 MP: 8/8
  2356 | D:3      | Found a burning altar of Makhleb.
  2356 | D:3      | Noticed a cacodemon
  2847 | D:4      | Reached skill level 5 in Invocations
  2847 | D:4      | Reached XP level 6. HP: 48/53 MP: 9/9
  2895 | D:4      | Noticed an orc warrior
  2925 | D:4      | HP: 2/53 [orc priest/divine providence (12)]
  2930 | D:3      | Mangled by an orc warrior

Illustrated notes

Levels and vault maps discovered:
D:1:      lightli_arrival_quake, layout_loops_ring
D:2:      layout_loops_corners
D:3:      layout_loops_ring, makhleb_altar_promises_db
D:4:      layout_basic, minivault_14

Skill      XL: |  1  2  3  4  5 |
---------------+----------------+-----
Short Blades   | 1 |  1.8
Long Blades    | 1 |  1.8
Maces & Flails | 1 |  1.8
Polearms       | 1 |  1.8
Staves         | 1 |  1.8
Slings         | 1 |  1.8
Bows           | 1 |  1.8
Crossbows      | 1 |  1.8
Throwing       | 1 |  1.8
Stealth        | 1 |  1.8
Shields        | 1 |  1.8
Unarmed Combat | 1 |  1.8
Spellcasting   | 1 |  1.8
Evocations     | 1 |  1.8
Conjurations   | 1 |  1.4
Hexes          | 1 |  1.4
Summonings     | 1 |  1.4
Necromancy     | 1 |  1.4
Translocations | 1 |  1.4
Transmutations | 1 |  1.4
Fire Magic     | 1 |  1.4
Ice Magic      | 1 |  1.4
Air Magic      | 1 |  1.4
Earth Magic    | 1 |  1.4
Poison Magic   | 1 |  1.4
Dodging        | 3 |  3.1
Invocations    | 5 |  5.0
Fighting       | |  6.8
Axes           | |  4.9
Armour         | |  4.9

Action                   |  1- 3 |  4- 6 || total
-------------------------+-------+-------++-------
Melee: Hand axe          |    73 |    80 ||   153
       Bite              |     5 |    10 ||    15
Invok: Depart the Abyss  |     1 |       ||     1
Evoke: Wand              |       |     1 ||     1
  Use: Scroll            |    11 |     5 ||    16
       Potion            |       |     2 ||     2
 Stab: Paralysed         |       |     5 ||     5
Armor: Leather armour    |     5 |       ||     5
       Scale mail        |    12 |       ||    12
       Chain mail        |    14 |    39 ||    53
Dodge: Dodged            |    45 |    27 ||    72

Table legend: (Time is in decaauts)
 A = Elapsed time spent in this place.
 B = Non-inter-level travel time spent in this place.
 C = Inter-level travel time spent in this place.
 D = Time resting spent in this place.
 E = Time spent auto-exploring this place.
 F = Levels seen in this place.
 G = Mean time per level.
                   A        B        C        D        E       F      G
               +--------+--------+--------+--------+--------+-----+--------+
         Total |   2939 |   2839 |    100 |    365 |   1897 |   5 |  587.8 |
       Dungeon |   2813 |   2713 |    100 |    365 |   1854 |   4 |  703.2 |
         Abyss |    126 |    126 |      0 |      0 |     43 |   1 |  126.0 |
               +--------+--------+--------+--------+--------+-----+--------+

Top non-repeatable levels by time:
     D:3: 949 daAuts
     D:2: 931 daAuts
     D:1: 787 daAuts
     D:4: 145 daAuts
 Abyss:1: 126 daAuts
